 Dungeon Crawl Stone Soup version 0.28-a0-114-g2bf3c13a2f (webtiles) character file.

Game seed: 3856224679261610887

629 Rennog the Insei (level 7, -1/45 HPs)
             Began as an Octopode Transmuter on Aug 12, 2021.
             Shot with an arrow by a centaur (10 damage)
             ... on level 5 of the Dungeon.
             The game lasted 00:06:34 (5466 turns).

Rennog the Insei (Octopode Transmuter)              Turns: 5466, Time: 00:06:35

Health: -1/45      AC:  2    Str: 10    XL:     7   Next: 48%
Magic:  9/11       EV: 19    Int: 17    God:
Gold:   173        SH:  0    Dex: 17    Spells: 6/12 levels left

rFire   . . .      SeeInvis .     - Unarmed
rCold   . . .      Faith    .   (shield currently unavailable)
rNeg    . . .      Spirit   .   (helmet currently unavailable)
rPois   x          Reflect  .   i - amulet of regeneration
rElec   .          Harm     .   (no ring)
rCorr   .          Rampage  .   (no ring)
Will    .....                   (no ring)
Stlth   +++.......              (no ring)
HPRegen 1.15/turn               (no ring)
MPRegen 0.12/turn               (no ring)
                                (no ring)
                                (no ring)

@: spider-form, studying Staves
A: venomous fangs, almost no armour, (amphibious), 8 rings, tiny, (camouflage
1), (gelatinous body 1), (nimble swimmer 1), (tentacles)
a: End Transformation


You were on level 5 of the Dungeon.
You were a venomous arachnid creature.
You visited 1 branch of the dungeon, and saw 5 of its levels.

You collected 203 gold pieces.
You spent 30 gold pieces at shops.

Inventory:

Jewellery
 i - an amulet of regeneration (around neck)
Wands
 g - a wand of acid (10)
Scrolls
 a - 5 scrolls of identify {unknown}
 c - 3 scrolls of enchant armour {unknown}
 e - a scroll of noise {unknown}
 h - a scroll of fog {unknown}
 j - a scroll of immolation {unknown}
Potions
 b - a potion of berserk rage {unknown}
 d - a potion of attraction {unknown}
 f - a potion of heal wounds {unknown}


   Skills:
 + Level 2.9 Fighting
 - Level 2.0 Dodging
 + Level 3.5 Stealth
 * Level 5.3 Unarmed Combat
 + Level 3.2 Spellcasting
 * Level 4.5 Transmutations


You had 6 spell levels left.
You knew the following spells:

 Your Spells              Type           Power      Damage    Failure   Level
a - Beastly Appendage     Tmut           36%        N/A       10%         1
b - Wereblood             Tmut           18%        N/A       13%         2
c - Spider Form           Tmut/Pois      5%         N/A       41%         3

Your spell library contained the following spells:

 Spells                   Type           Power      Damage    Failure   Level
 Foxfire                  Conj/Fire      8%         2x1d4     36%         1
 Sublimation of Blood     Necr           1%         N/A       47%         2
 Conjure Flame            Conj/Fire      2%         6-21      67%         3
 Inner Flame              Hex/Fire       2%         N/A       67%         3
 Portal Projectile        Hex/Tloc       4%         N/A       67%         3
 Ice Form                 Ice/Tmut       10%        N/A       77%         4
 Blade Hands              Tmut           9%         N/A       78%         5
 Excruciating Wounds      Necr           1%         N/A       100%        5
 Summon Hydra             Summ           1%         N/A       100%        7


Dungeon Overview and Level Annotations

Branches:
Dungeon (5/15)
 Temple: D:4-7

Altars:

Shops:
D:2 [?(:*


Innate Abilities, Weirdness & Mutations

You are a venomous arachnid creature.
You have poisonous fangs.
You are tiny and dextrous.
Your spellcasting is less reliable in this form.
Your armour is entirely melded.
You are incapable of wielding weapons or throwing items.
You cannot wear most types of armour.
((You are amphibious.))
You can wear up to eight rings at the same time.
((Your skin changes colour to match your surroundings (Stealth+).))
((Your rubbery body absorbs attacks. (AC +1, EV +1)))
((You are camouflaged near water. (Stealth+)))
((You have tentacles for arms and can constrict up to eight enemies at once.))


Message History

The ufetubus is lightly wounded.
The ufetubus barely misses you. The ufetubus misses you.
The centaur shoots an arrow.
The arrow hits you.
You hit the ufetubus.
The ufetubus looks as sick as possible!
The ufetubus is heavily wounded.
You kill the ufetubus!
The centaur shoots an arrow.
The arrow hits you!
The centaur shoots an arrow.
The arrow closely misses you.
You bite the adder!
The adder is almost dead.
The adder closely misses you.
The centaur shoots an arrow.
The arrow hits you!
* * * LOW HITPOINT WARNING * * *
You are too injured to fight recklessly!
You are too injured to fight recklessly!
You are too injured to fight recklessly!
You are too injured to fight recklessly!
You are too injured to fight recklessly!
You are too injured to fight recklessly!
You are too injured to fight recklessly!
You are too injured to fight recklessly!
You are too injured to fight recklessly!
You are too injured to fight recklessly!
You are too injured to fight recklessly!
You are too injured to fight recklessly!
You are too injured to fight recklessly!
You are too injured to fight recklessly!
You are too injured to fight recklessly!
You are too injured to fight recklessly!
You are too injured to fight recklessly!
You are too injured to fight recklessly!
You are too injured to fight recklessly!
You are too injured to fight recklessly!
You are too injured to fight recklessly!
The centaur shoots an arrow.
The arrow misses you.
The centaur shoots an arrow.
The arrow hits you.
* * * LOW HITPOINT WARNING * * *
The adder barely misses you.
The centaur shoots an arrow.
The arrow completely misses you.
The centaur shoots an arrow.
The arrow hits you!
You die...

#.#.#.#.#.#
#..........
#.#.#.#c#..
#..........
#.#.#.#.#...
#.........#
#.#.#.#.#...
#.S......>#..
##s####..##.#
#.#####.##.#
#..........#
#.######.#.# ..
#.# #.#.##..##
#.######.†......#
#.........#
#######...#
.......<#


You could see a centaur and an adder.

Vanquished Creatures
  A black bear (D:4)
  A necrophage (D:5)
  A phantom (D:4)
  A jelly (D:4)
  2 orc priests
  2 hounds (D:4)
  A gnoll shaman (D:4)
  2 orc wizards (D:4)
  3 gnolls (D:4)
  An adder (D:2)
  An ufetubus (D:5)
  An adder skeleton (D:3)
  2 worms
  2 dart slugs
  11 orcs
  6 ball pythons
  3 bats (D:2)
  5 endoplasms
  4 giant cockroaches
  7 goblins
  10 hobgoblins
  8 jackals
  A frilled lizard (D:3)
  5 kobolds
  A quokka skeleton (D:4)
  3 rats
85 creatures vanquished.

Notes
Turn   | Place    | Note
-------+----------+-------------------------------------------
     0 | D:1      | Rennog the Octopode Transmuter began the quest for the Orb.
     0 | D:1      | Reached XP level 1. HP: 13/13 MP: 3/3
   445 | D:1      | Reached XP level 2. HP: 16/18 MP: 3/5
  1474 | D:1      | Reached XP level 3. HP: 23/23 MP: 4/6
  1623 | D:2      | Found Zissioj's Antique Weapon Shoppe.
  1788 | D:2      | Found Fezima's Book Shop.
  1899 | D:2      | Found Vuazatre's Armour Shoppe.
  1916 | D:2      | Found Plog's Magic Scroll Shoppe.
  1934 | D:2      | Bought a scroll of teleportation for 30 gold pieces
  1967 | D:2      | Noticed an ogre
  1969 | D:2      | Reached skill level 1 in Stealth
  1972 | D:2      | HP: 1/23 [ogre (22)]
  2355 | D:2      | Found Buttoev's Assorted Antiques.
  2783 | D:3      | Learned a level 2 spell: Wereblood
  2787 | D:3      | Learned a level 3 spell: Spider Form
  2810 | D:3      | Reached XP level 4. HP: 23/28 MP: 5/7
  2954 | D:3      | Found a faded altar of an unknown god.
  3124 | D:3      | Reached skill level 4 in Unarmed Combat
  3693 | D:3      | Reached XP level 5. HP: 33/33 MP: 6/8
  4233 | D:4      | Noticed a phantom
  4514 | D:4      | Noticed a black bear
  4526 | D:4      | Killed a black bear
  4527 | D:4      | Reached XP level 6. HP: 32/39 MP: 6/10
  4921 | D:4      | Reached skill level 5 in Unarmed Combat
  4921 | D:4      | Reached XP level 7. HP: 26/45 MP: 7/11
  5428 | D:5      | Entered Level 5 of the Dungeon
  5466 | D:5      | Shot with an arrow by a centaur

Illustrated notes

Levels and vault maps discovered:
D:1:      onia_arrival_mini_spirals, layout_basic
D:2:      minmay_spotlight, layout_basic, serial_shops, shop, shop,
          shop_scrolls, shop, shop, hangedman_abyss_or_decor_lesser_grid
D:3:      layout_basic, hellmonk_ecumenical_altar_heavens_door
D:4:      layout_loops_ring, roderic_lattice_a, moated_statue
D:5:      layout_basic, kennysheep_mini_moat, st_stairs_2, hex_medium

Skill      XL: |  1  2  3  4  5  6 |
---------------+-------------------+-----
Stealth        | 1 2 3 |  3.5
Unarmed Combat | 4 5 |  5.3
Transmutations | 3 4 |  4.5
Fighting       | 2 |  2.9
Spellcasting   | 3 |  3.2
Dodging        | |  2.0

Action                   |  1- 3 |  4- 6 |  7- 9 || total
-------------------------+-------+-------+-------++-------
Melee: Unarmed           |    77 |   120 |    29 ||   226
       Constrict         |    21 |    27 |     1 ||    49
       Kick              |    25 |    28 |     1 ||    54
       Tentacles         |     7 |    18 |     2 ||    27
       Punch             |     3 |     2 |       ||     5
 Cast: Beastly Appendage |    28 |    24 |     3 ||    55
       Spider Form       |       |     2 |     2 ||     4
       Wereblood         |       |     1 |       ||     1
  Use: Scroll            |       |     1 |       ||     1
 Stab: Sleeping          |     6 |     4 |       ||    10
Armor: Skin              |     9 |     3 |     1 ||    13
Dodge: Dodged            |    60 |    60 |    24 ||   144

Table legend: (Time is in decaauts)
 A = Elapsed time spent in this place.
 B = Non-inter-level travel time spent in this place.
 C = Inter-level travel time spent in this place.
 D = Time resting spent in this place.
 E = Time spent auto-exploring this place.
 F = Levels seen in this place.
 G = Mean time per level.
                   A        B        C        D        E       F      G
               +--------+--------+--------+--------+--------+-----+--------+
         Total |   5448 |   5273 |    175 |    246 |   4390 |   5 | 1089.6 |
       Dungeon |   5448 |   5273 |    175 |    246 |   4390 |   5 | 1089.6 |
               +--------+--------+--------+--------+--------+-----+--------+

Top non-repeatable levels by time:
     D:1: 1847 daAuts
     D:4: 1601 daAuts
     D:3: 1040 daAuts
     D:2: 921 daAuts
     D:5: 37 daAuts
